Jets vs Wild

Created - January-19-14 at 10:41

Goals
1 2 3 T
Jets 0 2 2 4
Wild 1 1 0 2
Shots
1 2 3 T
Jets 11 10 12 33
Wild 7 11 8 26

1st period

1. Wild , Andrei Markov 17 (Patrik Berglund, Andy McDonald) at 15:41 (PP)

Penalties :
David Schlemko (WPG) for Diving (Minor) at 12:03, Josh Gorges (WPG) for Hooking (Minor) at 13:52

2nd period

2. Jets , Henrik Sedin 14 (Jaromir Jagr, Marek Zidlicky) at 9:56
3. Jets , Matt Cullen 6 (Lee Stempniak, David Schlemko) at 10:12
4. Wild , Fedor Tyutin 9 (Andy McDonald, Milan Michalek) at 16:39 (PP)

Penalties :
Fedor Tyutin (MIN) for Tripping (Minor) at 14:16, Nicklas Grossmann (WPG) for Roughing (Minor) at 16:27, John-Michael Liles (MIN) for Roughing (Minor) at 17:42

3rd period

5. Jets , Henrik Sedin 15 (Jaromir Jagr, Josh Gorges) at 5:58
6. Jets , Brad Richards 15 (Pascal Dupuis) at 11:28 (PP)

Penalties :
Michael Stone (MIN) for Holding (Minor) at 2:43, Patrik Berglund (MIN) for Holding (Minor) at 7:29, Martin Hanzal (WPG) for Tripping (Minor) at 7:29, Michael Stone (MIN) for Roughing (Minor) at 9:47, Josh Gorges (WPG) for Tripping (Minor) at 16:18

Goalie Stats

Cory Schneider (WPG), 24 saves from 26 shots - (0.923), W, 27-11-2, 60:00 minutes
Viktor Fasth (MIN), 29 saves from 33 shots - (0.879), L, 13-15-1, 60:00 minutes

Players Stats for Jets

Player Name              G  A  P  +/- PIM S  H  SB GA TA FO     MP     PP MP  PK MP  
------------------------------------------------------------------------------------
Boyd Gordon              0  0  0   0  0   1  0  0  0  0  8/15    6:44   0:00   3:54 
Brad Richards            1  0  1   0  0   3  1  0  0  0  11/17  17:51   3:22   0:00 
Curtis Glencross         0  0  0   0  0   0  1  0  0  0  0/2    18:11   3:22   0:20 
David Schlemko           0  1  1   1  2   1  2  1  0  0  0/0     5:04   0:00   0:05 
Henrik Sedin             2  0  2   2  0   5  0  1  0  0  15/28  19:53   4:16   0:00 
Jamie Benn               0  0  0   2  0   7  8  0  0  0  0/0    20:19   4:16   0:26 
Jaromir Jagr             0  2  2   2  0   1  0  0  0  0  1/1    18:44   4:16   0:00 
Jason Garrison           0  0  0   0  0   2  2  1  0  0  0/0    23:49   3:22   3:04 
Josh Gorges              0  1  1   1  4   1  2  3  0  0  0/0    17:25   0:00   0:49 
Kimmo Timonen            0  0  0   0  0   1  1  2  0  0  0/0    22:47   3:22   2:02 
Lee Stempniak            0  1  1   1  0   2  0  0  0  0  1/1    16:27   0:00   0:00 
Marek Zidlicky           0  1  1   1  0   1  0  0  0  0  0/0    11:49   4:16   0:00 
Martin Hanzal            0  0  0   1  2   1  5  0  0  0  11/23  15:05   0:00   1:29 
Matt Cooke               0  0  0   0  0   0  2  0  0  0  0/1     6:40   0:00   3:50 
Matt Cullen              1  0  1   1  0   4  0  0  0  0  0/0    13:37   0:00   0:00 
Nicklas Grossmann        0  0  0   2  2   0  7  0  0  0  0/0    15:24   0:00   2:52 
Pascal Dupuis            0  1  1   0  0   3  6  0  0  0  1/3    18:30   3:22   1:29 
Ron Hainsey              0  0  0   1  0   0  3  0  0  0  0/0    23:38   4:16   2:45 

Players Stats for Wild

Player Name              G  A  P  +/- PIM S  H  SB GA TA FO     MP     PP MP  PK MP  
------------------------------------------------------------------------------------
Alexei Ponikarovsky      0  0  0   0  0   0  2  0  0  0  1/1    16:25   0:00   3:05 
Andrei Markov            1  0  1  -1  0   5  1  1  0  0  0/0    25:13   2:39   4:15 
Andrew Ebbett            0  0  0   0  0   0  0  0  0  0  0/0     0:00   0:00   0:00 
Andy McDonald            0  2  2  -2  0   3  0  0  0  0  4/6    17:41   3:20   0:00 
Anton Babchuk            0  0  0   0  0   0  0  0  0  0  0/0     1:06   0:00   1:06 
Blake Comeau             0  0  0   0  0   1  3  0  0  0  0/2    16:39   0:00   3:19 
Bobby Ryan               0  0  0  -1  0   3  3  0  0  0  1/1    21:21   2:29   0:00 
Bryan Little             0  0  0  -1  0   5  1  0  0  0  8/22   19:03   2:29   0:00 
Clayton Stoner           0  0  0  -1  0   0  2  0  0  0  0/0    14:54   0:00   2:47 
Erik Cole                0  0  0  -1  0   2  6  1  0  0  0/1    20:36   2:29   1:14 
Fedor Tyutin             1  0  1  -1  2   4  2  0  0  0  0/0    24:29   3:10   1:19 
Jay Pandolfo             0  0  0   0  0   0  0  0  0  0  1/5     4:19   0:00   4:19 
John-Michael Liles       0  0  0  -1  2   0  2  2  0  0  0/0    17:33   0:00   3:26 
Manny Malhotra           0  0  0   0  0   1  0  0  0  0  13/26  16:39   0:00   3:19 
Michael Stone            0  0  0  -1  4   1  4  0  0  0  0/0    18:52   2:39   1:50 
Milan Michalek           0  1  1  -2  0   1  0  0  0  0  0/1    17:41   3:20   0:00 
Patrik Berglund          0  1  1  -2  2   0  2  0  0  0  15/26  19:58   3:20   0:00 
Ryan Whitney             0  0  0  -1  0   0  0  1  0  0  0/0    17:49   3:10   0:33 

3 Stars

1 - Henrik Sedin (WPG)
2 - Jaromir Jagr (WPG)
3 - Jamie Benn (WPG)

Power Play

Jets - 1 on 4 Attempt(s) - 25.00%
Wild - 2 on 4 Attempt(s) - 50.00%

Penalty Kill

Jets - 2 on 4 Attempt(s) - 50.00% - Score 0 goal in Penalty Kill
Wild - 3 on 4 Attempt(s) - 75.00% - Score 0 goal in Penalty Kill

Official

Referees : Brad Meier and Tom Kowal
Linesman : Tim Nowak and Matt MacPherson

Game Notes

No Game Note

Finance

Level 1 -- Attendance: 6223 (95.74%) -- Ticket Income $622,300
Level 2 -- Attendance: 4902 (98.04%) -- Ticket Income $294,120
Level 3 -- Attendance: 3171 (90.60%) -- Ticket Income $110,985
Level 4 -- Attendance: 2064 (100.00%) -- Ticket Income $41,280
Luxury Box -- Attendance: 1000 (100.00%) -- Ticket Income $200,000
Game was played at the Xcel Energy Center
Total Attendance: 17360 (96.10%)
Total Ticket Income: $1,268,685
Other Income: $190,303
Total Income: $1,458,988


% Time on Ice - Jets

Lines # - Real PCT - Wanted PCT - Time Play
Normal Forward
1 - 32% - 33% - 14:28
2 - 31% - 30% - 13:39
3 - 31% - 27% - 13:37
4 - 6% - 10% - 2:50
Normal Defense
1 - 37% - 38% - 16:33
2 - 35% - 37% - 15:28
3 - 17% - 15% - 7:33
4 - 11% - 10% - 5:00
PP Forward
1 - 56% - 60% - 4:16
2 - 44% - 40% - 3:22
PP Defense
1 - 44% - 60% - 3:22
2 - 56% - 40% - 4:16
PK Forward
1 - 74% - 60% - 4:10
2 - 26% - 40% - 1:29
PK Defense
1 - 54% - 60% - 3:04
2 - 46% - 40% - 2:35
PK3 Forward
1 - 100% - 60% - 0:10
2 - 0% - 40% - 0:00
PK3 Defense
1 - 100% - 60% - 0:10
2 - 0% - 40% - 0:00
44 Forward
1 - 58% - 51% - 1:09
2 - 42% - 49% - 0:50
44 Defense
1 - 42% - 51% - 0:50
2 - 58% - 49% - 1:09
Last Minute Offensive  - 0:00
Last Minute Defensive  - 0:00
Total
Forward - 60:00
Defense - 60:00

% Time on Ice - Wild

Lines # - Real PCT - Wanted PCT - Time Play
Normal Forward
1 - 32% - 35% - 14:21
2 - 31% - 35% - 13:59
3 - 30% - 15% - 13:20
4 - 7% - 15% - 2:54
Normal Defense
1 - 32% - 35% - 14:08
2 - 32% - 35% - 14:25
3 - 27% - 15% - 12:07
4 - 9% - 15% - 3:54
PP Forward
1 - 57% - 50% - 3:20
2 - 43% - 50% - 2:29
PP Defense
1 - 54% - 50% - 3:10
2 - 46% - 50% - 2:39
PK Forward
1 - 43% - 50% - 3:19
2 - 57% - 50% - 4:19
PK Defense
1 - 35% - 50% - 2:41
2 - 65% - 50% - 4:57
PK3 Forward
1 - 0% - 50%
2 - 0% - 50%
PK3 Defense
1 - 0% - 50%
2 - 0% - 50%
44 Forward
1 - 0% - 50% - 0:00
2 - 100% - 50% - 1:59
44 Defense
1 - 100% - 50% - 1:59
2 - 0% - 50% - 0:00
Last Minute Offensive  - 0:00
Last Minute Defensive  - 0:00
Total
Forward - 60:00
Defense - 60:00

Play by Play

1st period


0:01 of 1st period - Henrik Sedin wins face-off versus Patrik Berglund in neutral zone.
0:08 of 1st period - Shot by Jamie Benn.
0:08 of 1st period - Shot Misses the Net.
0:10 of 1st period - Shot by Henrik Sedin.
0:10 of 1st period - Deflect By Jamie Benn.
0:10 of 1st period - Stopped by Viktor Fasth without a rebound.
0:11 of 1st period - Brad Richards wins face-off versus Bryan Little in Wild zone.
0:11 of 1st period - Josh Gorges is hit by Michael Stone and loses puck.
0:41 of 1st period - Shot by Brad Richards.
0:41 of 1st period - Stopped by Viktor Fasth without a rebound.
0:42 of 1st period - Manny Malhotra wins face-off versus Martin Hanzal in Wild zone.
0:48 of 1st period - Icing by Ryan Whitney.
0:49 of 1st period - Manny Malhotra wins face-off versus Martin Hanzal in Wild zone.
1:46 of 1st period - Off-side.
1:47 of 1st period - Patrik Berglund wins face-off versus Henrik Sedin in neutral zone.
2:24 of 1st period - Shot by Henrik Sedin.
2:24 of 1st period - Stopped by Viktor Fasth without a rebound.
2:25 of 1st period - Brad Richards wins face-off versus Patrik Berglund in Wild zone.
2:51 of 1st period - Off-side.
2:52 of 1st period - Manny Malhotra wins face-off versus Boyd Gordon in neutral zone.
2:52 of 1st period - Manny Malhotra is hit by Matt Cooke.
3:13 of 1st period - Shot by Boyd Gordon.
3:13 of 1st period - Stopped by Viktor Fasth without a rebound.
3:14 of 1st period - Henrik Sedin wins face-off versus Bryan Little in Wild zone.
4:24 of 1st period - Milan Michalek is hit by Josh Gorges and loses puck.
4:31 of 1st period - Shot by Patrik Berglund.
4:31 of 1st period - Shot Hit the Post.
4:33 of 1st period - Shot by Milan Michalek.
4:33 of 1st period - Shot Misses the Net.
4:35 of 1st period - Shot by Patrik Berglund.
4:35 of 1st period - Shot Blocked by Josh Gorges.
4:42 of 1st period - Milan Michalek is hit by Ron Hainsey and loses puck.
5:37 of 1st period - Shot by Martin Hanzal.
5:37 of 1st period - Shot Blocked by Andrei Markov.
5:39 of 1st period - Shot by Jason Garrison.
5:39 of 1st period - Stopped by Viktor Fasth without a rebound.
5:40 of 1st period - Bryan Little wins face-off versus Henrik Sedin in Wild zone.
5:54 of 1st period - Shot by Jamie Benn.
5:54 of 1st period - Shot Misses the Net.
5:56 of 1st period - Shot by Henrik Sedin.
5:56 of 1st period - Stopped by Viktor Fasth with a rebound.
5:58 of 1st period - Shot by Jamie Benn.
5:58 of 1st period - Shot Misses the Net.
6:06 of 1st period - Shot by Jaromir Jagr.
6:06 of 1st period - Shot Misses the Net.
7:07 of 1st period - Off-side.
7:08 of 1st period - Brad Richards wins face-off versus Manny Malhotra in neutral zone.
7:17 of 1st period - Icing by Michael Stone.
7:18 of 1st period - Manny Malhotra wins face-off versus Curtis Glencross in Wild zone.
7:23 of 1st period - Shot by Pascal Dupuis.
7:23 of 1st period - Stopped by Viktor Fasth without a rebound.
7:24 of 1st period - Patrik Berglund wins face-off versus Pascal Dupuis in Wild zone.
7:26 of 1st period - Icing by Andrei Markov.
7:27 of 1st period - Brad Richards wins face-off versus Patrik Berglund in Wild zone.
8:40 of 1st period - Shot by Bryan Little.
8:40 of 1st period - Shot Misses the Net.
8:42 of 1st period - Shot by Fedor Tyutin.
8:42 of 1st period - Stopped by Cory Schneider without a rebound.
8:43 of 1st period - Martin Hanzal wins face-off versus Manny Malhotra in Jets zone.
8:43 of 1st period - Martin Hanzal is hit by Blake Comeau.
8:53 of 1st period - Shot by Blake Comeau.
8:53 of 1st period - Stopped by Cory Schneider without a rebound.
8:54 of 1st period - Henrik Sedin wins face-off versus Bryan Little in Jets zone.
8:54 of 1st period - Henrik Sedin is hit by Erik Cole.
9:07 of 1st period - Bryan Little is hit by Nicklas Grossmann and loses puck.
9:12 of 1st period - Shot by Bryan Little.
9:12 of 1st period - Shot Misses the Net.
9:23 of 1st period - Jaromir Jagr is hit by Bobby Ryan and loses puck.
9:35 of 1st period - Icing by Marek Zidlicky.
9:36 of 1st period - Henrik Sedin wins face-off versus Manny Malhotra in Jets zone.
10:03 of 1st period - Shot by Matt Cullen.
10:03 of 1st period - Stopped by Viktor Fasth without a rebound.
10:04 of 1st period - Lee Stempniak wins face-off versus Patrik Berglund in Wild zone.
10:13 of 1st period - Shot by Lee Stempniak.
10:13 of 1st period - Shot Misses the Net.
11:01 of 1st period - John-Michael Liles is hit by Martin Hanzal and loses puck.
11:31 of 1st period - Bryan Little is hit by Jason Garrison and loses puck.
12:03 of 1st period - Minor Penalty to David Schlemko for Diving.
12:04 of 1st period - Patrik Berglund wins face-off versus Boyd Gordon in Jets zone.
12:12 of 1st period - Andy McDonald is hit by Nicklas Grossmann.
12:29 of 1st period - Icing by Andy McDonald.
12:30 of 1st period - Boyd Gordon wins face-off versus Andy McDonald in Wild zone.
12:34 of 1st period - Icing by Michael Stone.
12:35 of 1st period - Andy McDonald wins face-off versus Matt Cooke in Wild zone.
13:14 of 1st period - Bobby Ryan is hit by Martin Hanzal and loses puck.
13:30 of 1st period - Shot by Fedor Tyutin.
13:30 of 1st period - Shot Blocked by Josh Gorges.
13:32 of 1st period - Shot by Bryan Little.
13:32 of 1st period - Deflect By Erik Cole.
13:32 of 1st period - Stopped by Cory Schneider without a rebound.
13:33 of 1st period - Boyd Gordon wins face-off versus Bryan Little in Jets zone.
13:33 of 1st period - Boyd Gordon is hit by Bryan Little.
13:49 of 1st period - Shot by Bryan Little.
13:49 of 1st period - Stopped by Cory Schneider without a rebound.
13:50 of 1st period - Patrik Berglund wins face-off versus Martin Hanzal in Jets zone.
13:52 of 1st period - Minor Penalty to Josh Gorges for Hooking.
13:53 of 1st period - Patrik Berglund wins face-off versus Boyd Gordon in Jets zone.
14:28 of 1st period - Shot by Martin Hanzal.
14:28 of 1st period - Stopped by Viktor Fasth without a rebound.
14:29 of 1st period - Martin Hanzal wins face-off versus Bryan Little in Wild zone.
15:16 of 1st period - Shot by Pascal Dupuis.
15:16 of 1st period - Shot Blocked by Erik Cole.
15:31 of 1st period - Off-side.
15:32 of 1st period - Boyd Gordon wins face-off versus Patrik Berglund in neutral zone.
15:41 of 1st period - Shot by Andrei Markov.
15:41 of 1st period - Goal by Andrei Markov - Jets : 0 - Wild : 1.
15:42 of 1st period - Patrik Berglund wins face-off versus Henrik Sedin in neutral zone.
15:48 of 1st period - Icing by Marek Zidlicky.
15:49 of 1st period - Henrik Sedin wins face-off versus Patrik Berglund in Jets zone.
16:10 of 1st period - Andy McDonald is hit by Jamie Benn and loses puck.
16:27 of 1st period - Patrik Berglund is hit by Jamie Benn and loses puck.
17:05 of 1st period - Icing by Fedor Tyutin.
17:06 of 1st period - Brad Richards wins face-off versus Bryan Little in Wild zone.
17:15 of 1st period - Shot by Brad Richards.
17:15 of 1st period - Stopped by Viktor Fasth without a rebound.
17:16 of 1st period - Boyd Gordon wins face-off versus Bryan Little in Wild zone.
17:43 of 1st period - Shot by Lee Stempniak.
17:43 of 1st period - Stopped by Viktor Fasth with a rebound.
17:51 of 1st period - Shot by Bryan Little.
17:51 of 1st period - Stopped by Cory Schneider without a rebound.
17:52 of 1st period - Henrik Sedin wins face-off versus Manny Malhotra in Jets zone.
18:01 of 1st period - Clayton Stoner is hit by Jamie Benn and loses puck.
18:22 of 1st period - Shot by Henrik Sedin.
18:22 of 1st period - Shot Misses the Net.
18:24 of 1st period - Shot by Henrik Sedin.
18:24 of 1st period - Deflect By Jamie Benn.
18:24 of 1st period - Shot Misses the Net.
19:22 of 1st period - Shot by Andrei Markov.
19:22 of 1st period - Shot Blocked by David Schlemko.
19:28 of 1st period - Shot by Patrik Berglund.
19:28 of 1st period - Shot Misses the Net.
19:30 of 1st period - Shot by Andrei Markov.
19:30 of 1st period - Stopped by Cory Schneider without a rebound.
19:31 of 1st period - Martin Hanzal wins face-off versus Bryan Little in Jets zone.
Goals for this period are 0 for Jets vs 1 for Wild.
Shots for this period are 11 for Jets vs 7 for Wild.

2nd period


0:01 of 2nd period - Patrik Berglund wins face-off versus Martin Hanzal in neutral zone.
0:01 of 2nd period - Patrik Berglund is hit by Martin Hanzal.
0:04 of 2nd period - Off-side.
0:05 of 2nd period - Martin Hanzal wins face-off versus Patrik Berglund in neutral zone.
0:05 of 2nd period - Lee Stempniak is hit by Erik Cole and loses puck.
0:09 of 2nd period - Lee Stempniak is hit by John-Michael Liles and loses puck.
0:26 of 2nd period - Shot by Lee Stempniak.
0:26 of 2nd period - Stopped by Viktor Fasth without a rebound.
0:27 of 2nd period - Henrik Sedin wins face-off versus Manny Malhotra in Wild zone.
0:27 of 2nd period - Henrik Sedin is hit by Andrei Markov.
0:33 of 2nd period - Shot by Jamie Benn.
0:33 of 2nd period - Stopped by Viktor Fasth without a rebound.
0:34 of 2nd period - Patrik Berglund wins face-off versus Henrik Sedin in Wild zone.
0:47 of 2nd period - Shot by Jamie Benn.
0:47 of 2nd period - Stopped by Viktor Fasth without a rebound.
0:48 of 2nd period - Martin Hanzal wins face-off versus Blake Comeau in Wild zone.
0:48 of 2nd period - Josh Gorges is hit by John-Michael Liles and loses puck.
1:10 of 2nd period - Off-side.
1:11 of 2nd period - Henrik Sedin wins face-off versus Bryan Little in neutral zone.
1:11 of 2nd period - Jamie Benn is hit by Erik Cole and loses puck.
1:45 of 2nd period - Kimmo Timonen is hit by Bobby Ryan and loses puck.
1:52 of 2nd period - Shot by Bryan Little.
1:52 of 2nd period - Stopped by Cory Schneider without a rebound.
1:53 of 2nd period - Patrik Berglund wins face-off versus Brad Richards in Jets zone.
2:03 of 2nd period - Icing by Pascal Dupuis.
2:04 of 2nd period - Manny Malhotra wins face-off versus Curtis Glencross in Jets zone.
2:17 of 2nd period - Shot by Curtis Glencross.
2:17 of 2nd period - Shot Blocked by John-Michael Liles.
2:19 of 2nd period - Shot by Josh Gorges.
2:19 of 2nd period - Stopped by Viktor Fasth without a rebound.
2:20 of 2nd period - Martin Hanzal wins face-off versus Andy McDonald in Wild zone.
2:46 of 2nd period - Shot by Jason Garrison.
2:46 of 2nd period - Shot Misses the Net.
2:57 of 2nd period - Icing by Jason Garrison.
2:58 of 2nd period - Bryan Little wins face-off versus Martin Hanzal in Jets zone.
3:28 of 2nd period - Shot by Pascal Dupuis.
3:28 of 2nd period - Shot Misses the Net.
3:36 of 2nd period - Shot by Brad Richards.
3:36 of 2nd period - Shot Misses the Net.
3:48 of 2nd period - Shot by Pascal Dupuis.
3:48 of 2nd period - Shot Misses the Net.
3:50 of 2nd period - Shot by Brad Richards.
3:50 of 2nd period - Deflect By Pascal Dupuis.
3:50 of 2nd period - Shot Misses the Net.
4:42 of 2nd period - Shot by Michael Stone.
4:42 of 2nd period - Shot Misses the Net.
4:44 of 2nd period - Shot by Milan Michalek.
4:44 of 2nd period - Deflect By Andy McDonald.
4:44 of 2nd period - Shot Blocked by Henrik Sedin.
4:52 of 2nd period - Shot by Henrik Sedin.
4:52 of 2nd period - Shot Misses the Net.
5:02 of 2nd period - Shot by Milan Michalek.
5:02 of 2nd period - Stopped by Cory Schneider with a rebound.
5:04 of 2nd period - Shot by Andrei Markov.
5:04 of 2nd period - Stopped by Cory Schneider without a rebound.
5:05 of 2nd period - Manny Malhotra wins face-off versus Martin Hanzal in Jets zone.
5:23 of 2nd period - Icing by Clayton Stoner.
5:24 of 2nd period - Brad Richards wins face-off versus Manny Malhotra in Wild zone.
5:44 of 2nd period - Off-side.
5:45 of 2nd period - Andy McDonald wins face-off versus Martin Hanzal in neutral zone.
6:05 of 2nd period - Milan Michalek is hit by Martin Hanzal and loses puck.
6:12 of 2nd period - Lee Stempniak is hit by Patrik Berglund and loses puck.
6:27 of 2nd period - Icing by Jason Garrison.
6:28 of 2nd period - Martin Hanzal wins face-off versus Bryan Little in Jets zone.
6:30 of 2nd period - Icing by Kimmo Timonen.
6:31 of 2nd period - Martin Hanzal wins face-off versus Bryan Little in Jets zone.
6:31 of 2nd period - Martin Hanzal is hit by Erik Cole.
6:41 of 2nd period - Shot by Bobby Ryan.
6:41 of 2nd period - Stopped by Cory Schneider with a rebound.
6:43 of 2nd period - Shot by Bryan Little.
6:43 of 2nd period - Stopped by Cory Schneider with a rebound.
6:45 of 2nd period - Shot by Bobby Ryan.
6:45 of 2nd period - Shot Blocked by Kimmo Timonen.
6:47 of 2nd period - Shot by Fedor Tyutin.
6:47 of 2nd period - Stopped by Cory Schneider without a rebound.
6:48 of 2nd period - Henrik Sedin wins face-off versus Manny Malhotra in Jets zone.
6:48 of 2nd period - Henrik Sedin is hit by Alexei Ponikarovsky.
7:59 of 2nd period - Shot by Bobby Ryan.
7:59 of 2nd period - Stopped by Cory Schneider without a rebound.
8:00 of 2nd period - Boyd Gordon wins face-off versus Patrik Berglund in Jets zone.
8:00 of 2nd period - Boyd Gordon is hit by Patrik Berglund.
8:12 of 2nd period - Shot by Andy McDonald.
8:12 of 2nd period - Shot Misses the Net.
8:27 of 2nd period - Kimmo Timonen is hit by Fedor Tyutin and loses puck.
8:45 of 2nd period - Icing by Jason Garrison.
8:46 of 2nd period - Bryan Little wins face-off versus Boyd Gordon in Jets zone.
8:47 of 2nd period - Shot by Bobby Ryan.
8:47 of 2nd period - Stopped by Cory Schneider with a rebound.
8:50 of 2nd period - Icing by Lee Stempniak.
8:51 of 2nd period - Boyd Gordon wins face-off versus Bryan Little in Jets zone.
8:51 of 2nd period - Boyd Gordon is hit by Erik Cole.
9:01 of 2nd period - Bobby Ryan is hit by Matt Cooke and loses puck.
9:13 of 2nd period - Pascal Dupuis is hit by Michael Stone and loses puck.
9:30 of 2nd period - Shot by Bryan Little.
9:30 of 2nd period - Shot Misses the Net.
9:43 of 2nd period - Icing by Michael Stone.
9:44 of 2nd period - Henrik Sedin wins face-off versus Bryan Little in Wild zone.
9:44 of 2nd period - Marek Zidlicky is hit by Michael Stone.
9:56 of 2nd period - Shot by Henrik Sedin.
9:56 of 2nd period - Goal by Henrik Sedin - Jets : 1 - Wild : 1.
9:57 of 2nd period - Martin Hanzal wins face-off versus Patrik Berglund in neutral zone.
10:02 of 2nd period - Shot by Lee Stempniak.
10:02 of 2nd period - Deflect By Matt Cullen.
10:02 of 2nd period - Stopped by Viktor Fasth with a rebound.
10:12 of 2nd period - Shot by Matt Cullen.
10:12 of 2nd period - Goal by Matt Cullen - Jets : 2 - Wild : 1.
10:13 of 2nd period - Manny Malhotra wins face-off versus Henrik Sedin in neutral zone.
10:13 of 2nd period - Manny Malhotra is hit by Jamie Benn.
10:38 of 2nd period - Icing by Clayton Stoner.
10:39 of 2nd period - Manny Malhotra wins face-off versus Brad Richards in Wild zone.
11:41 of 2nd period - Kimmo Timonen is hit by Erik Cole and loses puck.
11:46 of 2nd period - Bobby Ryan is hit by Pascal Dupuis and loses puck.
11:58 of 2nd period - Icing by Fedor Tyutin.
11:59 of 2nd period - Bobby Ryan wins face-off versus Henrik Sedin in Wild zone.
12:13 of 2nd period - Icing by Fedor Tyutin.
12:14 of 2nd period - Patrik Berglund wins face-off versus Martin Hanzal in Wild zone.
12:16 of 2nd period - Icing by Andrei Markov.
12:17 of 2nd period - Henrik Sedin wins face-off versus Patrik Berglund in Wild zone.
13:18 of 2nd period - Bryan Little is hit by Nicklas Grossmann.
13:32 of 2nd period - Shot by Andy McDonald.
13:32 of 2nd period - Stopped by Cory Schneider without a rebound.
13:33 of 2nd period - Brad Richards wins face-off versus Manny Malhotra in Jets zone.
13:37 of 2nd period - Brad Richards is hit by Fedor Tyutin and loses puck.
14:16 of 2nd period - Minor Penalty to Fedor Tyutin for Tripping.
14:17 of 2nd period - Henrik Sedin wins face-off versus Jay Pandolfo in Wild zone.
14:44 of 2nd period - Shot by Jamie Benn.
14:44 of 2nd period - Shot Misses the Net.
14:46 of 2nd period - Shot by Jamie Benn.
14:46 of 2nd period - Stopped by Viktor Fasth without a rebound.
14:47 of 2nd period - Brad Richards wins face-off versus Manny Malhotra in Wild zone.
16:08 of 2nd period - Shot by Marek Zidlicky.
16:08 of 2nd period - Stopped by Viktor Fasth without a rebound.
16:09 of 2nd period - Manny Malhotra wins face-off versus Brad Richards in Wild zone.
16:09 of 2nd period - Manny Malhotra is hit by Pascal Dupuis.
16:22 of 2nd period - Milan Michalek is hit by David Schlemko.
16:27 of 2nd period - Minor Penalty to Nicklas Grossmann for Roughing.
16:28 of 2nd period - Andy McDonald wins face-off versus Boyd Gordon in Jets zone.
16:31 of 2nd period - Shot by Fedor Tyutin.
16:31 of 2nd period - Shot Misses the Net.
16:33 of 2nd period - Shot by Milan Michalek.
16:33 of 2nd period - Shot Blocked by Kimmo Timonen.
16:35 of 2nd period - Shot by Milan Michalek.
16:35 of 2nd period - Shot Misses the Net.
16:37 of 2nd period - Shot by Andy McDonald.
16:37 of 2nd period - Stopped by Cory Schneider with a rebound.
16:39 of 2nd period - Shot by Fedor Tyutin.
16:39 of 2nd period - Goal by Fedor Tyutin - Jets : 2 - Wild : 2.
16:40 of 2nd period - Bryan Little wins face-off versus Henrik Sedin in neutral zone.
17:21 of 2nd period - Shot by Henrik Sedin.
17:21 of 2nd period - Shot Misses the Net.
17:41 of 2nd period - Shot by Martin Hanzal.
17:41 of 2nd period - Shot Misses the Net.
17:42 of 2nd period - Minor Penalty to John-Michael Liles for Roughing.
17:43 of 2nd period - Manny Malhotra wins face-off versus Pascal Dupuis in Wild zone.
17:43 of 2nd period - Manny Malhotra is hit by Pascal Dupuis.
18:03 of 2nd period - Andrei Markov is hit by Pascal Dupuis and loses puck.
18:48 of 2nd period - Shot by Jaromir Jagr.
18:48 of 2nd period - Shot Blocked by Ryan Whitney.
18:50 of 2nd period - Shot by Henrik Sedin.
18:50 of 2nd period - Deflect By Jamie Benn.
18:50 of 2nd period - Stopped by Viktor Fasth without a rebound.
18:51 of 2nd period - Jay Pandolfo wins face-off versus Henrik Sedin in Wild zone.
18:51 of 2nd period - Jay Pandolfo is hit by Jamie Benn.
19:58 of 2nd period - Shot by Lee Stempniak.
19:58 of 2nd period - Shot Misses the Net.
Goals for this period are 2 for Jets vs 1 for Wild.
Shots for this period are 10 for Jets vs 11 for Wild.

3rd period


0:01 of 3rd period - Bryan Little wins face-off versus Henrik Sedin in neutral zone.
0:33 of 3rd period - Shot by Bobby Ryan.
0:33 of 3rd period - Shot Misses the Net.
1:03 of 3rd period - Shot by Jason Garrison.
1:03 of 3rd period - Stopped by Viktor Fasth without a rebound.
1:04 of 3rd period - Patrik Berglund wins face-off versus Brad Richards in Wild zone.
1:04 of 3rd period - Patrik Berglund is hit by Curtis Glencross.
1:09 of 3rd period - Fedor Tyutin is hit by Brad Richards and loses puck.
1:16 of 3rd period - Shot by Brad Richards.
1:16 of 3rd period - Shot Misses the Net.
1:18 of 3rd period - Shot by Pascal Dupuis.
1:18 of 3rd period - Stopped by Viktor Fasth without a rebound.
1:19 of 3rd period - Martin Hanzal wins face-off versus Manny Malhotra in Wild zone.
1:19 of 3rd period - Lee Stempniak is hit by Clayton Stoner and loses puck.
2:33 of 3rd period - Shot by Pascal Dupuis.
2:33 of 3rd period - Stopped by Viktor Fasth without a rebound.
2:34 of 3rd period - Patrik Berglund wins face-off versus Henrik Sedin in Wild zone.
2:34 of 3rd period - Patrik Berglund is hit by Jamie Benn.
2:37 of 3rd period - Andrei Markov is hit by Jamie Benn and loses puck.
2:43 of 3rd period - Minor Penalty to Michael Stone for Holding.
2:44 of 3rd period - Henrik Sedin wins face-off versus Jay Pandolfo in Wild zone.
2:56 of 3rd period - Shot by Jamie Benn.
2:56 of 3rd period - Stopped by Viktor Fasth without a rebound.
2:57 of 3rd period - Brad Richards wins face-off versus Jay Pandolfo in Wild zone.
3:29 of 3rd period - Fedor Tyutin is hit by Pascal Dupuis and loses puck.
4:10 of 3rd period - Shot by Jamie Benn.
4:10 of 3rd period - Stopped by Viktor Fasth without a rebound.
4:11 of 3rd period - Henrik Sedin wins face-off versus Manny Malhotra in Wild zone.
4:14 of 3rd period - Shot by Jamie Benn.
4:14 of 3rd period - Shot Misses the Net.
4:16 of 3rd period - Shot by Jaromir Jagr.
4:16 of 3rd period - Shot Misses the Net.
4:18 of 3rd period - Shot by Henrik Sedin.
4:18 of 3rd period - Stopped by Viktor Fasth with a rebound.
4:20 of 3rd period - Shot by Ron Hainsey.
4:20 of 3rd period - Shot Blocked by John-Michael Liles.
4:22 of 3rd period - Shot by Ron Hainsey.
4:22 of 3rd period - Deflect By Jaromir Jagr.
4:22 of 3rd period - Stopped by Viktor Fasth without a rebound.
4:23 of 3rd period - Pascal Dupuis wins face-off versus Jay Pandolfo in Wild zone.
5:36 of 3rd period - David Schlemko is hit by Clayton Stoner and loses puck.
5:58 of 3rd period - Shot by Henrik Sedin.
5:58 of 3rd period - Goal by Henrik Sedin - Jets : 3 - Wild : 2.
5:59 of 3rd period - Manny Malhotra wins face-off versus Brad Richards in neutral zone.
6:25 of 3rd period - Fedor Tyutin is hit by Jason Garrison.
6:40 of 3rd period - Kimmo Timonen is hit by Blake Comeau and loses puck.
6:53 of 3rd period - Shot by Andy McDonald.
6:53 of 3rd period - Stopped by Cory Schneider without a rebound.
6:54 of 3rd period - Jaromir Jagr wins face-off versus Patrik Berglund in Jets zone.
7:10 of 3rd period - Shot by Andrei Markov.
7:10 of 3rd period - Shot Misses the Net.
7:19 of 3rd period - Icing by Andrei Markov.
7:20 of 3rd period - Andy McDonald wins face-off versus Martin Hanzal in Wild zone.
7:20 of 3rd period - Andy McDonald is hit by Martin Hanzal.
7:29 of 3rd period - Minor Penalty to Patrik Berglund for Holding.
7:29 of 3rd period - Minor Penalty to Martin Hanzal for Tripping.
7:30 of 3rd period - Bryan Little wins face-off versus Henrik Sedin in neutral zone.
7:35 of 3rd period - Shot by Bryan Little.
7:35 of 3rd period - Shot Blocked by Josh Gorges.
8:01 of 3rd period - Shot by Jamie Benn.
8:01 of 3rd period - Deflect By Henrik Sedin.
8:01 of 3rd period - Shot Misses the Net.
8:25 of 3rd period - Curtis Glencross is hit by Bobby Ryan and loses puck.
9:46 of 3rd period - Martin Hanzal is hit by Michael Stone and loses puck.
9:47 of 3rd period - Minor Penalty to Michael Stone for Roughing.
9:48 of 3rd period - Henrik Sedin wins face-off versus Blake Comeau in Wild zone.
10:24 of 3rd period - Anton Babchuk is hit by Jamie Benn and loses puck.
11:15 of 3rd period - Shot by Kimmo Timonen.
11:15 of 3rd period - Stopped by Viktor Fasth without a rebound.
11:16 of 3rd period - Alexei Ponikarovsky wins face-off versus Brad Richards in Wild zone.
11:16 of 3rd period - Alexei Ponikarovsky is hit by Pascal Dupuis.
11:28 of 3rd period - Shot by Brad Richards.
11:28 of 3rd period - Goal by Brad Richards - Jets : 4 - Wild : 2.
11:29 of 3rd period - Patrik Berglund wins face-off versus Martin Hanzal in neutral zone.
11:31 of 3rd period - Andrei Markov is hit by Nicklas Grossmann.
11:34 of 3rd period - Milan Michalek is hit by Nicklas Grossmann and loses puck.
11:38 of 3rd period - Patrik Berglund is hit by David Schlemko.
11:50 of 3rd period - Icing by Martin Hanzal.
11:51 of 3rd period - Manny Malhotra wins face-off versus Martin Hanzal in Jets zone.
11:51 of 3rd period - Blake Comeau is hit by Nicklas Grossmann and loses puck.
12:00 of 3rd period - Shot by Martin Hanzal.
12:00 of 3rd period - Shot Misses the Net.
12:02 of 3rd period - Shot by Matt Cullen.
12:02 of 3rd period - Shot Hit the Post.
12:04 of 3rd period - Shot by David Schlemko.
12:04 of 3rd period - Stopped by Viktor Fasth without a rebound.
12:05 of 3rd period - Brad Richards wins face-off versus Bryan Little in Wild zone.
13:22 of 3rd period - Shot by Jaromir Jagr.
13:22 of 3rd period - Shot Hit the Post.
14:07 of 3rd period - Shot by Manny Malhotra.
14:07 of 3rd period - Stopped by Cory Schneider without a rebound.
14:08 of 3rd period - Manny Malhotra wins face-off versus Martin Hanzal in Jets zone.
14:12 of 3rd period - Icing by Nicklas Grossmann.
14:13 of 3rd period - Martin Hanzal wins face-off versus Manny Malhotra in Jets zone.
14:13 of 3rd period - Martin Hanzal is hit by Alexei Ponikarovsky.
14:40 of 3rd period - Shot by Matt Cullen.
14:40 of 3rd period - Stopped by Viktor Fasth with a rebound.
14:50 of 3rd period - Shot by Lee Stempniak.
14:50 of 3rd period - Shot Misses the Net.
14:52 of 3rd period - Shot by Matt Cullen.
14:52 of 3rd period - Shot Misses the Net.
15:03 of 3rd period - Icing by Blake Comeau.
15:04 of 3rd period - Brad Richards wins face-off versus Manny Malhotra in Wild zone.
15:33 of 3rd period - Shot by Andrei Markov.
15:33 of 3rd period - Stopped by Cory Schneider without a rebound.
15:34 of 3rd period - Patrik Berglund wins face-off versus Henrik Sedin in Jets zone.
15:34 of 3rd period - Milan Michalek is hit by Ron Hainsey and loses puck.
15:40 of 3rd period - Icing by Josh Gorges.
15:41 of 3rd period - Bryan Little wins face-off versus Henrik Sedin in Jets zone.
15:41 of 3rd period - Bryan Little is hit by Ron Hainsey.
15:59 of 3rd period - Shot by Bobby Ryan.
15:59 of 3rd period - Shot Misses the Net.
16:08 of 3rd period - Bryan Little is hit by Josh Gorges and loses puck.
16:18 of 3rd period - Minor Penalty to Josh Gorges for Tripping.
16:19 of 3rd period - Boyd Gordon wins face-off versus Milan Michalek in Jets zone.
16:34 of 3rd period - Shot by Milan Michalek.
16:34 of 3rd period - Shot Hit the Post.
16:40 of 3rd period - Shot by Fedor Tyutin.
16:40 of 3rd period - Stopped by Cory Schneider without a rebound.
16:41 of 3rd period - Bryan Little wins face-off versus Boyd Gordon in Jets zone.
16:44 of 3rd period - Shot by Bryan Little.
16:44 of 3rd period - Stopped by Cory Schneider with a rebound.
16:46 of 3rd period - Shot by Michael Stone.
16:46 of 3rd period - Stopped by Cory Schneider with a rebound.
16:48 of 3rd period - Shot by Erik Cole.
16:48 of 3rd period - Stopped by Cory Schneider without a rebound.
16:49 of 3rd period - Patrik Berglund wins face-off versus Boyd Gordon in Jets zone.
16:57 of 3rd period - Andy McDonald is hit by Nicklas Grossmann and loses puck.
17:04 of 3rd period - Shot by Milan Michalek.
17:04 of 3rd period - Shot Blocked by Jason Garrison.
18:06 of 3rd period - Shot by Andrei Markov.
18:06 of 3rd period - Stopped by Cory Schneider without a rebound.
18:07 of 3rd period - Boyd Gordon wins face-off versus Erik Cole in Jets zone.
18:47 of 3rd period - Martin Hanzal is hit by Blake Comeau and loses puck.
19:26 of 3rd period - Andrei Markov is hit by Kimmo Timonen and loses puck.
Goals for this period are 2 for Jets vs 0 for Wild.
Shots for this period are 12 for Jets vs 8 for Wild.


Output by the SimonT Hockey Simulator (STHS) for Stephane Roy -- Original Page W3C XHTML 1.0 Valid
Hockey Simulator - Hockey Simulation - Hockey Manager